 Dungeon Crawl Stone Soup version 0.31-a0-198-g2ad674f65e (webtiles) character file.

Game seed: 12125135052440935196

427 qw the Skirmisher (level 6, -7/35 HPs)
             Began as a Deep Elf Hunter on June 25, 2023.
             Mangled by Sigmund
             ... wielding a +2 heavy scythe
              (16 damage)
             ... on level 3 of the Dungeon.
             The game lasted 00:00:59 (2004 turns).

qw the Skirmisher (Deep Elf Hunter)                 Turns: 2004, Time: 00:00:59

Health: -7/35      AC:  5    Str: 10    XL:     6   Next: 65%
Magic:  8/8        EV: 11    Int: 14    God:
Gold:   94         SH:  0    Dex: 18    Spells: 5/5 levels left

rFire   . . .        Y - +0 shortbow
rCold   . . .        (shield currently unavailable)
rNeg    . . .        b - +0 ring mail
rPois   .            (no helmet)
rElec   .            (no cloak)
rCorr   .            (no gloves)
SInv    .            (no boots)
Will    .....        (no amulet)
Stlth   +            (no ring)
HPRegen 0.25/turn    (no ring)
MPRegen 0.11/turn

%: no passive effects
@: no status effects
A: no striking features
a: no special abilities


You were on level 3 of the Dungeon.
You visited 1 branch of the dungeon, and saw 3 of its levels.

You collected 94 gold pieces.


   Skills:
 - Level 2.0 Fighting
 + Level 10.1 Ranged Weapons
 - Level 3.0 Dodging
 - Level 1.2 Stealth


You had 5 spell levels left.
You didn't know any spells.
Your spell library was empty.

Inventory:

Hand Weapons
 Y - a +0 shortbow (weapon)
Armour
 b - a +0 ring mail (worn)
Wands
 d - a wand of digging (4)
Scrolls
 e - a scroll of identify
Potions
 a - a potion of curing {unknown}
 c - a potion of heal wounds {unknown}
 f - a potion of magic {unknown}
 g - a potion of haste {unknown}
 h - a potion of might {unknown}

Dungeon Overview and Level Annotations

Branches:
Dungeon (3/15)

Altars:
Ru
Uskayaw

Annotations:
D:3 Sigmund


Message History

Enter note:
Enter note:
Enter note:
Enter note:
Enter note:
Enter note:
Enter note:
Enter note:
Enter note:
Enter note:
Enter note:
Enter note:
1987 ||| STILL FLEEEEING.
1988 ||| STILL FLEEEEING.
1989 ||| STILL FLEEEEING.
1990 ||| STILL FLEEEEING.
1991 ||| STILL FLEEEEING.
1992 ||| STILL FLEEEEING.
1993 ||| STILL FLEEEEING.
You start resting.
Sigmund is nearby!
You shoot an arrow.
The arrow hits Sigmund but does no damage.
Sigmund gestures at you while chanting. The puff of flame misses you.
You shoot an arrow. The arrow closely misses Sigmund.
You shoot an arrow. The arrow hits Sigmund.
Sigmund is lightly wounded.
You shoot an arrow. The arrow barely misses Sigmund.
Sigmund hits you from afar with a +2 heavy scythe.
You shoot an arrow. The arrow completely misses Sigmund.
You shoot an arrow. The arrow closely misses Sigmund.
Sigmund looks at you with fury.
Sigmund hits you from afar with a +2 heavy scythe!
You shoot an arrow. The arrow hits Sigmund!
Sigmund is moderately wounded.
You shoot an arrow. The arrow hits Sigmund.
Sigmund is severely wounded.
Sigmund hits you from afar with a +2 heavy scythe!
You die...

~~....#.#.# #.#.### #.#
~~..P.#.#.# #.#.#.## #.#
~~....#.#.# #.#.##.## ##.#
~~....#.#.####.#.###.## ##..#
~~....#........#.# ##.###...#
~~....#......###.#####.#..#.#
~~....#.#....# #.........)#.#
~~....#.##############....#.#
~~).@.#.........@.@.......#.#
~~....##############..#.###.#
~~....# #>............#
~~....# #[#########.###
~~....# ######.# ##.##
~~....####......# ##.##
P.....#)@%..)...# ##.##
.....)..##......# ##.#
##########......# ###


You could see Sigmund.

Vanquished Creatures
  Grinder (D:3)
  A howler monkey (D:3)
  2 hounds (D:3)
  Jessica (D:3)
  An orc wizard (D:3)
  2 gnolls (D:3)
  An adder (D:2)
  5 dart slugs (D:1)
  4 orcs (D:3)
  6 endoplasms
  2 goblins
  5 hobgoblins
  10 jackals (D:3)
  3 kobolds
  3 ball pythons
  5 bats (D:1)
  2 frilled lizards
  5 rats
59 creatures vanquished.

Notes
Turn   | Place    | Note
-------+----------+-------------------------------------------
     0 | D:1      | qw the Deep Elf Hunter began the quest for the Orb.
     0 | D:1      | Reached XP level 1. HP: 12/12 MP: 3/3
     0 | D:1      | 0 ||| qw: Version: 0.3-a-22-g0ed2b0b
     0 | D:1      | 0 ||| qw: Game counter: 5022
     0 | D:1      | 0 ||| qw: Melee chars always use a shield: true
     0 | D:1      | 0 ||| qw: God list: Okawaru
     0 | D:1      | 0 ||| qw: Allow faded altars: false
     0 | D:1      | 0 ||| qw: Do Orc after clearing Dungeon:15 true
     0 | D:1      | 0 ||| qw: Do second Lair branch before Depths: true
     0 | D:1      | 0 ||| qw: Lair rune preference: random
     0 | D:1      | 0 ||| qw: Goals: Normal
     0 | D:1      | 0 ||| PLANNING D:1-11
   123 | D:1      | Reached skill level 6 in Ranged Weapons
   123 | D:1      | Reached XP level 2. HP: 16/16 MP: 4/4
   363 | D:1      | Reached XP level 3. HP: 20/20 MP: 5/5
   607 | D:1      | 607 ||| READING scroll labelled QUROTT OMIEJ.
   608 | D:1      | 608 ||| READING scroll labelled MOITOLEAZULOET.
   609 | D:1      | 609 ||| READING scroll labelled QYUHYL YLIATU.
   613 | D:1      | 613 ||| DROPPING scroll of butterflies.
   913 | D:2      | Reached skill level 7 in Ranged Weapons
   972 | D:2      | Found a sacrificial altar of Ru.
  1323 | D:2      | 1323 ||| UPGRADING to +0 ring mail.
  1333 | D:2      | 1333 ||| DROPPING +0 leather armour.
  1334 | D:2      | 1334 ||| READING 2 scrolls labelled ODAEGA HONOTEH.
  1335 | D:2      | 1335 ||| DRINKING 3 clear potions.
  1341 | D:2      | 1341 ||| DROPPING 2 potions of ambrosia.
  1342 | D:2      | 1342 ||| DROPPING scroll of fear.
  1373 | D:3      | Noticed a +0 dagger
  1374 | D:3      | Noticed a +0 short sword
  1374 | D:3      | Noticed a +0 falchion
  1375 | D:3      | Noticed a +0 dagger
  1376 | D:3      | Noticed a +0 spear
  1376 | D:3      | Noticed a +0 falchion
  1378 | D:3      | Noticed a +0 spear
  1379 | D:3      | Noticed a +0 short sword
  1396 | D:3      | Found a hide-covered altar of Uskayaw.
  1514 | D:3      | 1514 ||| READING scroll labelled NAN KUG MEMIR.
  1524 | D:3      | Reached XP level 4. HP: 25/25 MP: 6/6
  1525 | D:3      | Reached skill level 8 in Ranged Weapons
  1551 | D:3      | Reached XP level 5. HP: 29/29 MP: 7/7
  1706 | D:3      | Noticed Grinder
  1712 | D:3      | Paralysed by Grinder for 3 turns
  1728 | D:3      | Killed Grinder
  1729 | D:3      | Reached skill level 10 in Ranged Weapons
  1729 | D:3      | Reached XP level 6. HP: 27/34 MP: 8/8
  1801 | D:3      | Noticed Jessica
  1806 | D:3      | Killed Jessica
  1939 | D:3      | 1939 ||| FLEEEEING.
  1946 | D:3      | 1946 ||| FLEEEEING.
  1953 | D:3      | 1953 ||| FLEEEEING.
  1954 | D:3      | 1954 ||| FLEEEEING.
  1955 | D:3      | 1955 ||| FLEEEEING.
  1956 | D:3      | 1956 ||| FLEEEEING.
  1966 | D:3      | Reached skill level 3 in Dodging
  1974 | D:3      | Noticed Sigmund
  1975 | D:3      | 1975 ||| FLEEEEING.
  1982 | D:3      | 1982 ||| FLEEEEING.
  1983 | D:3      | 1983 ||| FLEEEEING.
  1984 | D:3      | 1984 ||| FLEEEEING.
  2002 | D:3      | HP: 8/35 [Sigmund/+2 heavy scythe (17)]
  2004 | D:3      | Mangled by Sigmund

Levels and vault maps discovered:
D:1:      psy_arrival_heroes, layout_loops_ring, hangedman_decor_clover_reticule
D:2:      layout_basic, basic_altar
D:3:      lemuel_castle_with_subvaults [lemuel_castle_interior_original],
          layout_basic, mainiacjoe_overflow_small_starburst,
          nicolae_uskayaw_en_pointe, dreamdust_mushroom_princess, uniq_jessica,
          uniq_grinder, uniq_terence, uniq_sigmund

Skill      XL: |  1  2  3  4  5  6 |
---------------+-------------------+-----
Ranged Weapons | 6 7 8 10 | 10.1
Fighting       | 2 |  2.0
Dodging        | 3 |  3.0
Stealth        | |  1.2

Action                     |  1- 3 |  4- 6 || total
---------------------------+-------+-------++-------
   Fire: Shortbow          |   117 |    86 ||   203
    Use: Scroll            |     5 |       ||     5
         Potion            |     1 |       ||     1
 Armour: Leather armour    |     6 |       ||     6
         Ring mail         |     6 |    14 ||    20
  Dodge: Dodged            |    27 |    13 ||    40

Table legend:
 A = Non-vault XP
 B = Vault XP
 C = Vault XP percentage of total XP
 D = Non-vault monster count
 E = Vault monster count
 F = Vault count percentage of total count
                 A         B        C        D         E       F
            +---------+---------+-------+---------+---------+-------
      Total |     117 |     494 |  80.9 |      38 |      21 |  35.6
            +---------+---------+-------+---------+---------+-------
        D:1 |      45 |       0 |   0.0 |      22 |       0 |   0.0
        D:2 |      24 |       0 |   0.0 |       7 |       0 |   0.0
        D:3 |      48 |     494 |  91.1 |       9 |      21 |  70.0
            +---------+---------+-------+---------+---------+-------
